 Dungeon Crawl Stone Soup version 0.19.4 (webtiles) character file.

167 Naow the Conjurer (level 5, -1/28 HPs)
             Began as a Deep Elf Conjurer on Feb 1, 2017.
             Killed by nerve-wracking pain
             ... invoked by Grinder
              (6 damage)
             ... on level 3 of the Dungeon.
             The game lasted 00:02:19 (2078 turns).

Naow the Conjurer (Deep Elf Conjurer)               Turns: 2078, Time: 00:02:20

Health: -1/28      AC:  2    Str:  5    XL:     5   Next: 23%
Magic:  4/13       EV: 13    Int: 21    God:
Gold:   83         SH:  0    Dex: 15    Spells: 4 memorised, 1 level left

rFire  + . .     SeeInvis .     i - +0 short sword (holy)
rCold  x . .     Gourm    .     a - +0 robe
rNeg   . . .     Faith    .     (no shield)
rPois  .         Spirit   .     (no helmet)
rElec  .         Reflect  .     (no cloak)
rCorr  .         Harm     .     (no gloves)
MR     .....                    (no boots)
Stlth  ++........               (no amulet)
                                (no ring)
                                k - ring of fire

@: no status effects
A: no striking features
a: no special abilities


You were on level 3 of the Dungeon.
You were not hungry.

You visited 1 branch of the dungeon, and saw 3 of its levels.

You collected 83 gold pieces.

Inventory:

Hand Weapons
 i - a +0 short sword of holy wrath (weapon)
Armour
 a - a +0 robe (worn)
Jewellery
 k - a ring of fire (left hand)
 r - an uncursed amulet of magic regeneration {unknown}
Scrolls
 j - 4 scrolls of blinking {unknown}
 p - a scroll of remove curse {unknown}
 q - 2 scrolls of identify {unknown}
 t - a scroll of teleportation {unknown}
Potions
 d - 2 potions of haste {unknown}
 e - 2 potions of heal wounds {unknown}
 f - a potion of agility {unknown}
 h - a potion of cure mutation {unknown}
 l - a potion of experience {unknown}
 o - a potion of degeneration {unknown}
 s - a potion of brilliance {unknown}
Books
 b - a book of Conjurations

   Spells                             Type                      Level
   a - Magic Dart                     Conjuration                  1
   b - Searing Ray                    Conjuration                  2
   c - Dazzling Spray                 Conjuration/Hexes            3
   d - Fulminant Prism                Conjuration/Hexes            4
   e - Iskenderun's Mystic Blast      Conjuration                  4
   f - Iskenderun's Battlesphere      Conjuration/Charms           5
Comestibles
 c - a bread ration
 g - a meat ration
 m - 10 chunks of flesh
 n - a beef jerky


   Skills:
 - Level 2.4 Dodging
 - Level 2.4 Stealth
 + Level 4.6 Spellcasting
 * Level 6.5 Conjurations


You had one spell level left.
You knew the following spells:

 Your Spells              Type           Power        Failure   Level  Hunger
a - Magic Dart            Conj           ####         1%          1    None
b - Searing Ray           Conj           ####..       1%          2    #......
c - Iskenderun's Battles  Conj/Chrm      ###.....     87%         5    ######.
d - Iskenderun's Mystic   Conj           ####....     10%         4    ####...


Dungeon Overview and Level Annotations

Branches:
Dungeon (3/15)

Altars:

Annotations:
D:3 Grinder


Message History

You finish channeling your searing ray.
Grinder gestures at you. Pain shoots through your body!
Casting: Searing Ray
Confirm with . or Enter, or press ? or * to list all spells.
Aiming: Searing Ray
Press: ? - help, Shift-Dir - straight line, f/p - Grinder
Aim: Grinder (severely wounded)
The searing ray hits Grinder.
Grinder is severely wounded. (Press . to maintain the ray.) Grinder hits you!
* * * LOW HITPOINT WARNING * * *
The searing ray hits Grinder.
Grinder is almost dead.
Grinder closely misses you.
The searing ray misses Grinder.
Grinder gestures at you. Pain shoots through your body!
You die...

<.......#........##
#...................#
........#..........#
..................#
..##.#..........).# .(
...#............#
)##..#.....#........##
.....#.#...##......##
......5@.....##.####
....##.......#..# .
#.......#.##
#.....<...#
####....### #....##
#.#...# #.....#
####.##


You could see Grinder.

Vanquished Creatures
  An ogre (D:3)
  3 adders (D:2)
  2 oozes
  A worm (D:2)
  3 dart slugs
  A leopard gecko (D:1)
  4 giant cockroaches
  6 goblins
  2 hobgoblins
  2 jackals (D:2)
  3 kobolds
  7 bats
  3 frilled lizards
  2 rats
40 creatures vanquished.

Notes
Turn   | Place    | Note
-------+----------+-------------------------------------------
     0 | D:1      | Naow the Deep Elf Conjurer began the quest for the Orb.
     0 | D:1      | Reached XP level 1. HP: 10/10 MP: 6/6
   163 | D:1      | Reached XP level 2. HP: 7/15 MP: 0/8
   318 | D:1      | Learned a level 2 spell: Searing Ray
   388 | D:1      | Reached skill level 5 in Conjurations
   847 | D:2      | Reached XP level 3. HP: 19/19 MP: 4/9
  1575 | D:2      | Reached XP level 4. HP: 19/24 MP: 8/11
  1856 | D:3      | Noticed an ogre
  1862 | D:3      | Killed an ogre
  1862 | D:3      | Reached skill level 6 in Conjurations
  1862 | D:3      | Reached XP level 5. HP: 28/28 MP: 5/13
  1869 | D:3      | Learned a level 5 spell: Iskenderun's Battlesphere
  1875 | D:3      | Learned a level 4 spell: Iskenderun's Mystic Blast
  2063 | D:3      | Noticed Grinder
  2066 | D:3      | Paralysed by Grinder for 6 turns
  2078 | D:3      | Killed from afar by Grinder

Skill      XL: |  1  2  3  4 |
---------------+-------------+-----
Conjurations   | 5 6 |  6.5
Spellcasting   | 4 |  4.6
Dodging        | |  2.4
Stealth        | |  2.4

Action                   |  1- 3 |  4- 6 || total
-------------------------+-------+-------++-------
 Cast: Magic Dart        |    65 |    17 ||    82
       Searing Ray       |       |     3 ||     3
  Eat: Chunk             |     2 |     1 ||     3
Armor: Robe              |     4 |       ||     4
Dodge: Dodged            |     9 |     4 ||    13
